 Dungeon Crawl Stone Soup version 0.21-a0-450-gd87a9b2 (webtiles) character file.

71 Laiders the Poker (level 4, 0/33 HPs)
             Began as a Merfolk Gladiator on Nov 19, 2017.
             Succumbed to an adder's poison
             ... on level 2 of the Dungeon.
             The game lasted 00:04:04 (802 turns).

Laiders the Poker (Merfolk Gladiator)                Turns: 802, Time: 00:04:05

Health: 0/33       AC:  7    Str: 15    XL:     4   Next: 24%
Magic:  4/4        EV: 11    Int:  7    God:
Gold:   47         SH:  0    Dex: 15    Spells: 3/3 levels left

rFire    . . .     SeeInvis .   a - +0 trident
rCold    . . .     Gourm    .   (no shield)
rNeg     . . .     Faith    .   i - +0 scale mail
rPois    .         Spirit   .   c - +0 helmet
rElec    .         Reflect  .   (no cloak)
rCorr    .         Harm     .   (no gloves)
MR       +....                  (no boots)
Stlth    ..........             (no amulet)
HPRegen  0.11/turn              j - ring of protection from magic
MPRegen  0.09/turn              (no ring)

@: lethally poisoned (0 -> -1), berserk cooldown, flying, hasted and slowed
A: change form in water, swift swim, stealthy swim
a: no special abilities


You were on level 2 of the Dungeon.
You were not hungry.

You visited 1 branch of the dungeon, and saw 2 of its levels.

You collected 47 gold pieces.

Inventory:

Hand Weapons
 a - a +0 trident (weapon)
Missiles
 d - 3 throwing nets (quivered)
Armour
 b - a +0 leather armour
 c - a +0 helmet (worn)
 i - a +0 scale mail (worn)
Jewellery
 g - an uncursed ring of fire
 j - a ring of protection from magic (left hand)
Comestibles
 f - a bread ration
 h - 2 royal jellies


   Skills:
 - Level 2.1 Fighting
 + Level 7.2 Polearms
 - Level 2.0 Throwing
 - Level 4.0 Dodging


You had 3 spell levels left.
You didn't know any spells.

Dungeon Overview and Level Annotations

Branches:
Dungeon (2/15)

Altars:


Message History

The hobgoblin barely misses you.
You puncture the hobgoblin!
You kill the hobgoblin!
You start resting.
You feel a strong urge to attack something.
You are no longer berserk.
You are exhausted.
You feel yourself slow down.
There is a lethal amount of poison in your body!
You aren't carrying any potions.
As you read the scroll labeled YLUYMU DER, it crumbles to dust.
You feel strangely unstable.
It was a scroll of teleportation.
* * * LOW HITPOINT WARNING * * *
You feel sick.
Things that are here:
a club; a dagger; a goblin corpse Your surroundings suddenly seem different.
Found 15 arrows, a dagger and a scroll labeled OSIRGH PASAFOUGO.
A giant cockroach comes into view.
You die...

#.###.#... #.#
.# ## #.# .# #.#
#.# #.# #.# ##
#.#
...########...#.
..#
#s?....@.()....
..#
##########...##
### ## ## .. ##


You could see a giant cockroach.

Vanquished Creatures
  Robin (D:2)
  2 adders (D:2)
  An ooze (D:1)
  2 leopard geckos
  5 bats
  A giant cockroach (D:1)
  4 hobgoblins
  A ball python (D:1)
  3 frilled lizards
  9 goblins
  4 kobolds (D:1)
  5 rats
38 creatures vanquished.

Notes
Turn   | Place    | Note
-------+----------+-------------------------------------------
     0 | D:1      | Laiders the Merfolk Gladiator began the quest for the Orb.
     0 | D:1      | Reached XP level 1. HP: 16/16 MP: 1/1
    51 | D:1      | Reached skill level 5 in Polearms
    51 | D:1      | Reached XP level 2. HP: 22/22 MP: 2/2
   562 | D:1      | Reached skill level 6 in Polearms
   562 | D:1      | Reached XP level 3. HP: 26/27 MP: 3/3
   756 | D:2      | Noticed Robin
   785 | D:2      | Killed Robin
   785 | D:2      | Reached skill level 7 in Polearms
   785 | D:2      | Reached XP level 4. HP: 4/33 MP: 4/4
   792 | D:2      | HP: 2/49 [poisoned by an adder]
   798 | D:2      | HP: 1/33 [poisoned by an adder]
   802 | D:2      | Succumbed to an adder's poison

Vault maps used:
D:1:      saegor_arrival_simple_e
D:2:      uniq_natasha, uniq_robin

Skill      XL: |  1  2  3 |
---------------+----------+-----
Polearms       | 5 6 7 |  7.2
Fighting       | |  2.1
Throwing       | |  2.0
Dodging        | |  4.0

Action                   |  1- 3 |  4- 6 || total
-------------------------+-------+-------++-------
Melee: Trident           |   103 |     9 ||   112
  Use: Potion            |     3 |       ||     3
       Scroll            |       |     1 ||     1
Armor: Leather armour    |     9 |       ||     9
       Scale mail        |    32 |     3 ||    35
Dodge: Dodged            |    67 |     1 ||    68

Table legend:
 A = Spawn XP
 B = Non-spawn XP
 C = Spawn XP percentage of total XP
 D = Spawn monster count
 E = Non-spawn monster count
 F = Spawn count percentage of total count
 G = Total turns spent on level
                    A         B        C        D         E        F      G
               +---------+---------+-------+---------+---------+-------+---------
         Total |       0 |     102 |   0.0 |       0 |      38 |   0.0 |   802
               +---------+---------+-------+---------+---------+-------+---------
           D:1 |       0 |      37 |   0.0 |       0 |      22 |   0.0 |   641
           D:2 |       0 |      65 |   0.0 |       0 |      16 |   0.0 |   161
               +---------+---------+-------+---------+---------+-------+---------
